AoeStats
← dashuaibi

Arena

507023220Analyzed
4v4 RM · 17d ago on Sep 16, 2026· 42m 1s· 8 players
Game mode
Random Map
Map size
Large (8 player)
Population
200
Speed
Normal
Resources
Standard
Victory
Conquest
Starting age
Dark Age
Ending age
Imperial Age
RankedLock teamsTeams togetherTeam positionsShared explorationLock speedFull tech treeHidden civsTurbo modeCheats
Victory
Defeat
🇺🇸 Britons · United States
1309
+14
🇩🇪 Gurjaras · Germany
1306
+14
🇨🇳 Mongols · China
1301
+14
🇱🇻 Burmese · Latvia
1262
+15
🇨🇳 Persians · China
1370
-19
🇲🇽 Italians · Mexico
1238
-14
🇲🇽 Koreans · Mexico
1230
-13
🇫🇷 Turks · France
1181
-11
Dr Whitman
10:25 Feudal Age
14:17 Castle Age
13:22 Double-Bit Axe
16:04 Horse Collar
24:40 Fletching
25:58 Bow Saw
25:42 Stone Mining
27:34 Heavy Plow
29:02 Wheelbarrow
28:13 Loom
28:14 Town Watch
33:55 Imperial Age
32:28 Fortified Wall
32:29 Masonry
32:27 Bodkin Arrow
34:33 Scale Mail Armor
34:43 Forging
36:06 Yeomen
35:49 Bracer
35:48 Pikeman
36:29 Squires
37:27 Block Printing
37:51 Theocracy
38:15 Ballistics
38:58 Chemistry
39:23 Elite Longbowman
41:33 Conscription
40:40 Halberdier
41:07 Arson
41:39 Chain Mail Armor
dashuaibi
6:53 Loom
9:49 Feudal Age
12:16 Double-Bit Axe
12:57 Horse Collar
15:45 Castle Age
19:16 Bow Saw
19:08 Heavy Plow
24:41 Stone Mining
24:42 Gold Mining
26:18 Stone Shaft Mining
26:54 Wheelbarrow
30:31 Imperial Age
28:17 Hand Cart
27:48 Town Watch
29:39 Gold Shaft Mining
28:56 Fletching
29:07 Padded Archer Armor
29:13 Scale Barding Armor
30:42 Bodkin Arrow
31:02 Leather Archer Armor
31:11 Ballistics
31:39 Chain Barding Armor
31:30 Siege Engineers
31:53 Thumb Ring
32:13 Parthian Tactics
33:48 Conscription
33:33 Bracer
34:35 Chemistry
34:22 Husbandry
34:32 Bloodlines
35:09 Masonry
34:38 Elite Mangudai
35:54 Hoardings
36:49 Drill
35:58 Capped Ram
36:33 Onager
37:36 Murder Holes
37:51 Fortified Wall
melnais cinitis
4:53 Loom
10:59 Feudal Age
14:52 Castle Age
19:08 Fervor
20:35 Horse Collar
21:35 Wheelbarrow
21:48 Gold Mining
23:27 Heavy Plow
23:46 Stone Mining
26:11 Gold Shaft Mining
26:03 Hand Cart
25:33 Town Watch
26:11 Scale Mail Armor
26:21 Forging
26:12 Scale Mail Armor
26:24 Forging
26:45 Man-at-Arms
27:11 Gambesons
27:27 Squires
27:13 Arson
28:15 Long Swordsman
29:14 Chain Mail Armor
29:34 Iron Casting
31:56 Imperial Age
29:28 Town Patrol
29:15 Treadmill Crane
34:19 Gold Shaft Mining
34:23 Elite Arambai
36:45 Two-Handed Swordsman
38:00 Plate Mail Armor
38:31 Blast Furnace
38:08 Conscription
38:20 Conscription
37:45 Champion
green
9:21 Loom
11:07 Feudal Age
15:22 Castle Age
13:27 Horse Collar
13:35 Double-Bit Axe
14:30 Gold Mining
24:25 Imperial Age
22:40 Heavy Plow
24:06 Bow Saw
25:24 Forging
33:02 Scale Mail Armor
33:10 Scale Barding Armor
34:03 Bloodlines
36:02 Husbandry
36:40 Iron Casting
36:18 Heavy Camel Rider
37:36 Chain Barding Armor
Oveja de Batalla
11:05 Feudal Age
13:20 Loom
15:48 Castle Age
13:43 Double-Bit Axe
13:45 Horse Collar
14:34 Town Watch
15:00 Fletching
15:49 Man-at-Arms
16:47 Bow Saw
19:36 Heavy Plow
22:28 Gold Mining
24:43 Bodkin Arrow
25:49 Scale Mail Armor
26:41 Forging
28:47 Chain Mail Armor
29:15 Wheelbarrow
28:25 Loom
31:19 Iron Casting
34:20 Imperial Age
33:05 Scale Barding Armor
32:26 Pikeman
32:32 Pikeman
33:13 Squires
34:43 Gold Shaft Mining
37:29 Two-Man Saw
36:06 Elite Fire Lancer
39:20 Plate Mail Armor
39:47 Chain Barding Armor
Sunday
5:37 Loom
12:57 Feudal Age
14:37 Wheelbarrow
14:05 Double-Bit Axe
16:53 Castle Age
14:39 Horse Collar
15:08 Gold Mining
17:15 Fletching
18:33 Bow Saw
18:36 Crossbowman
24:04 Padded Archer Armor
26:07 Pikeman
36:27 Imperial Age
36:41 Thumb Ring
39:37 Imperial Age
39:51 Hand Cart
39:47 Arbalester
Hypoli
3:26 Loom
10:13 Feudal Age
11:39 Double-Bit Axe
13:21 Wheelbarrow
18:04 Castle Age
16:16 Fletching
16:27 Padded Archer Armor
21:44 Bow Saw
22:06 Town Watch
24:42 Gold Mining
29:21 Imperial Age
29:46 Bodkin Arrow
30:07 Leather Archer Armor
30:51 Ballistics
30:34 Bracer
33:35 Ring Archer Armor
34:38 Hand Cart
XY
10:47 Feudal Age
14:53 Castle Age
13:19 Double-Bit Axe
13:41 Horse Collar
15:41 Heavy Plow
19:10 Bow Saw
22:15 Wheelbarrow
21:48 Gold Mining
22:27 Stone Mining
24:03 Hand Cart
23:33 Loom
24:38 Gold Shaft Mining
25:53 Stone Shaft Mining
29:33 Imperial Age
27:52 Scale Barding Armor
27:58 Forging
28:11 Forging
30:02 Chain Barding Armor
30:17 Iron Casting
31:06 Two-Man Saw
31:23 Devotion
32:00 Plate Barding Armor
32:00 Iron Casting
32:15 Conscription
32:40 Kamandaran
33:39 Crop Rotation
32:35 Crossbowman
33:26 Thumb Ring
33:25 Fletching
33:35 Padded Archer Armor
34:43 Elite War Elephant
36:17 Iron Casting
35:59 Leather Archer Armor
35:40 Bodkin Arrow
Connection lost

Rejoining the realm…

Still unreachable

The connection could not be restored.

Session expired

The server has moved on; the page needs a fresh start.